 Dungeon Crawl Stone Soup version 0.29-a0-321-gf1c400731a (webtiles) character file.

Game seed: 7854273905389725530

4918 MirrMurr the Unseen (level 10, -2/49 HPs)
             Began as a Spriggan Enchanter on Apr 3, 2022.
             Was a Follower of Dithmenos.
             Slain by a centaur warrior (9 damage)
             ... on level 8 of the Dungeon.
             The game lasted 00:24:00 (12081 turns).

MirrMurr the Unseen (Spriggan Enchanter)           Turns: 12081, Time: 00:24:01

Health: -2/49      AC:  7    Str:  8    XL:     10   Next: 27%
Magic:  13/17      EV: 25    Int: 18    God:    Dithmenos [*.....]
Gold:   315        SH:  5    Dex: 15    Spells: 6/17 levels left

rFire   + . .      SeeInvis +   a - +4 dagger "Bisuv" {holy, Fly rF+ SInv}
rCold   . . .      Faith    .   (no shield)
rNeg    . . .      Spirit   .   s - +2 robe
rPois   .          Reflect  +   (helmet restricted)
rElec   .          Harm     .   g - +2 cloak
rCorr   .          Rampage  .   (gloves unavailable)
Will    +....                   (boots unavailable)
Stlth   ++++++++..              r - amulet of reflection
HPRegen 0.16/turn               k - +4 ring of evasion
MPRegen 0.15/turn               C - +4 ring of slaying

@: flying, wreathed by umbra, very quick
A: very small, no large weapons, unfitting armour, see invisible, speed 3
a: Renounce Religion


You were on level 8 of the Dungeon.
You worshipped Dithmenos.
Dithmenos was aware of your devotion.
You visited 2 branches of the dungeon, and saw 9 of its levels.

You collected 315 gold pieces.

Inventory:

Hand Weapons
 a - the +4 dagger "Bisuv" (weapon) {holy, Fly rF+ SInv}
   (You found it on level 4 of the Dungeon)

   It has been blessed by the Shining One to cause great damage to the undead
   and demons.
   rF:        It protects you from fire.
   SInv:      It lets you see invisible.
   Fly:       It grants you flight.
 b - a +1 hunting sling of freezing
 w - a +0 dagger of venom
 y - a +1 dagger of electrocution
 H - a +3 dagger
Missiles
 e - 150 stones (quivered)
 j - 2 throwing nets
 m - 12 boomerangs
 u - 23 poisoned darts
Armour
 g - a +2 cloak (worn)
 s - a +2 robe (worn)
Jewellery
 k - a +4 ring of evasion (left hand)
 q - a ring of protection from fire
 r - an amulet of reflection (around neck)
 B - an amulet of the acrobat
 C - a +4 ring of slaying (right hand)
Wands
 i - a wand of charming (12)
 E - a wand of digging (12)
Scrolls
 d - 5 scrolls of teleportation
 f - 3 scrolls of fear
 p - a scroll of blinking
 t - 4 scrolls of immolation
 A - a scroll of enchant armour
 G - a scroll of identify
Potions
 c - 3 potions of invisibility
 h - 5 potions of heal wounds
 l - 5 potions of curing
 n - a potion of ambrosia
 o - a potion of mutation
 v - 3 potions of might
 x - 2 potions of flight
 z - a potion of degeneration {unknown}
 D - a potion of lignification {unknown}
 F - a potion of haste {unknown}


   Skills:
 - Level 4.0 Fighting
 - Level 5.0 Short Blades
 - Level 8.0 Dodging
 + Level 16.4 Stealth
 - Level 4.0 Spellcasting
 - Level 8.0 Hexes


You had 6 spell levels left.
You knew the following spells:

 Your Spells              Type           Power      Damage    Failure   Level
a - Ensorcelled Hibernat  Hex/Ice        36%        N/A       4%          2
b - Confusing Touch       Hex            32%        N/A       1%          3
c - Tukima's Dance        Hex            32%        N/A       1%          3
d - Dazzling Flash        Conj/Hex       36%        N/A       9%          3

Your spell library contained the following spells:

 Spells                   Type           Power      Damage    Failure   Level
 Portal Projectile        Hex/Tloc       36%        N/A       9%          3
 Static Discharge         Conj/Air       3%         N/A       22%         2
 Leda's Liquefaction      Hex/Erth       9%         N/A       28%         4
 Call Canine Familiar     Summ           3%         N/A       41%         3
 Silence                  Hex/Air        9%         N/A       61%         5
 Dispel Undead            Necr           3%         3d7       82%         4
 Sticky Flame             Conj/Fire      3%         2d3       82%         4
 Agony                    Necr           3%         N/A       99%         5


Dungeon Overview and Level Annotations

Branches:
Dungeon (8/15)             Temple (1/1) D:7
   Lair: D:8-11

Altars:
Ashenzari
Cheibriados
Dithmenos
Elyvilon
Fedhas
Gozag
Hepliaklqana
Kikubaaqudgha
Makhleb
Nemelex Xobeh
Okawaru
Qazlal
Ru
Sif Muna
Trog
Uskayaw
Vehumet
Xom
Yredelemnul
Zin
The Shining One
Beogh

Shops:
D:6 *

Annotations:
D:7 3 runed translucent doors apport, hemabe71's ghost, novice HuAr
D:8 3 runed translucent doors


Innate Abilities, Weirdness & Mutations

You are very small and have problems with some larger weapons.
You are too small for most types of armour.
You have supernaturally acute eyesight. (SInv)
You cover ground extremely quickly. (Speed+++)


Message History

The slime creature looks drowsy...
The helpless slime creature fails to defend itself.
You spit the slime creature like a pig!!!!
You kill the slime creature!
Dithmenos accepts your kill.
Magic restored.
A centaur warrior is nearby!
The centaur warrior shoots an arrow.
The arrow misses you.
The centaur warrior shoots an arrow.
The arrow barely misses you.
The centaur warrior shoots an arrow.
The arrow completely misses you.
The centaur warrior shoots an arrow.
The arrow hits you!!
Casting: Ensorcelled Hibernation (safe; 4% risk of failure)
Confirm with . or Enter, or press ? or * to list all spells.
Aiming: Ensorcelled Hibernation (safe; 4% risk of failure)
Press: ? - help, Shift-Dir - straight line, f - centaur warrior
Aim: a centaur warrior, wielding a +0 shortbow (chance to affect: 33%)
The centaur warrior easily resists.
The centaur warrior shoots an arrow.
The arrow misses you.
Casting: Ensorcelled Hibernation (safe; 4% risk of failure)
Confirm with . or Enter, or press ? or * to list all spells.
Your hands begin to glow red.
The centaur warrior shoots an arrow.
The arrow hits you!
The centaur warrior shoots an arrow.
The arrow hits you!
* * * LOW HITPOINT WARNING * * *
The centaur warrior unwields a +0 shortbow.
The centaur warrior barely misses you. The centaur warrior kicks you.
* * * LOW HITPOINT WARNING * * *
You hit the centaur warrior but do no damage.
The centaur warrior appears confused.
The centaur warrior gestures wildly.
You hit the centaur warrior.
The centaur warrior is lightly wounded.
The centaur warrior completely misses you.
The centaur warrior barely misses you.
You catch the helpless centaur warrior completely off-guard!
You impale the centaur warrior!!
The centaur warrior is severely wounded.
You puncture the centaur warrior!
The centaur warrior is almost dead.
The centaur warrior hits you!
You die...

####....##.#.#.........[.........
........##.#.......#.###.#..#....
####.#.......#.#.#.....#..<......
#.#.###.#.#.#.#.#.#.###..#.#..
####.#.#.........................
.....................#.###)...#.#
.................................
############.#.....##..###......#
### ###.# #...#@#.##............
... .:.. ##...c#.##........#...
#J) ".## #. #..#.#.##.####...#...
##u#.#####.###.#.#.##.# #...#...
##Oe.#####+###......#.####...#...
###y#####cFS###..#..#.##.....#...
###)## ##FDJ# #..#..#.#####.##...
.##c#####zzY####.#..#.#####.##...
.##.###.+CKo+.##.................


You could see a centaur warrior (confused).

Vanquished Creatures
  Erica (D:7)
  A tengu warrior (D:8)
  A tengu conjurer (D:8)
  A hornet (D:7)
  A slime creature (D:8)
  Sigmund (D:2)
  3 water moccasins
  A black bear (D:4)
  2 orc warriors
  2 ogres
  A sky beast (D:6)
  5 centaurs (D:8)
  2 kobold brigands
  A bullfrog (D:8)
  A scorpion (D:6)
  A necrophage (D:6)
  5 wights (D:8)
  A killer bee (D:8)
  2 jellies
  2 hounds
  6 orc priests
  2 gnoll shamans (D:6)
  13 orc wizards
  4 iguanas
  14 gnolls
  13 adders
  A shadow imp (D:7)
  4 ufetubi
  2 worms (D:2)
  A dart slug (D:1)
  25 orcs
  4 endoplasms
  11 goblins
  10 hobgoblins
  14 kobolds
  2 quokkas
  5 ball pythons
  4 bats
  2 frilled lizards (D:3)
  2 rats
174 creatures vanquished.

Vanquished Creatures (collateral kills)
  An orc (D:4)
1 creature vanquished.

Vanquished Creatures (others)
  An iguana (D:7)
  A gnoll (D:7)
  An orc (D:8)
  3 plants (D:3)
6 creatures vanquished.

Grand Total: 181 creatures vanquished

Notes
Turn   | Place    | Note
-------+----------+-------------------------------------------
     0 | D:1      | MirrMurr the Spriggan Enchanter began the quest for the
                  | Orb.
     0 | D:1      | Reached XP level 1. HP: 9/9 MP: 5/5
   519 | D:1      | Reached XP level 2. HP: 13/13 MP: 6/6
   522 | D:1      | Learned a level 2 spell: Ensorcelled Hibernation
   548 | D:1      | Reached skill level 5 in Stealth
  1451 | D:1      | Reached XP level 3. HP: 12/16 MP: 1/8
  1525 | D:1      | Learned a level 3 spell: Confusing Touch
  1539 | D:1      | Reached skill level 6 in Stealth
  1741 | D:2      | Found a faded altar of an unknown god.
  1759 | D:2      | Noticed Sigmund
  1767 | D:2      | Killed Sigmund
  1768 | D:2      | Reached skill level 7 in Stealth
  1768 | D:2      | Reached XP level 4. HP: 21/21 MP: 9/9
  1768 | D:2      | Reached XP level 5. HP: 24/24 MP: 10/10
  2578 | D:2      | Learned a level 3 spell: Tukima's Dance
  2643 | D:3      | Reached skill level 8 in Stealth
  2650 | D:3      | Reached XP level 6. HP: 28/28 MP: 11/11
  2722 | D:3      | Reached skill level 5 in Short Blades
  3962 | D:4      | Identified the +4 dagger "Bisuv" {holy, Fly rF+ SInv}
  3997 | D:4      | Reached skill level 5 in Hexes
  4162 | D:4      | Reached XP level 7. HP: 24/32 MP: 8/14
  4539 | D:4      | Learned a level 3 spell: Dazzling Flash
  4549 | D:5      | Entered Level 5 of the Dungeon
  7629 | D:6      | Found Durchynupn's Gadget Gallery.
  7684 | D:6      | Reached skill level 1 in Fighting
  7684 | D:6      | Reached XP level 8. HP: 37/37 MP: 10/15
  7888 | D:6      | Reached skill level 5 in Dodging
  8663 | D:6      | Reached skill level 9 in Stealth
  8975 | D:7      | Found a runed translucent gate.
  8975 | D:7      | Found a runed translucent gate.
  8975 | D:7      | Found a runed translucent gate.
  8975 | D:7      | Noticed hemabe71's ghost (novice HuAr)
  9104 | D:7      | Found a staircase to the Ecumenical Temple.
  9113 | Temple   | Entered the Ecumenical Temple
  9435 | Temple   | Became a worshipper of Dithmenos the Shadowed
  9753 | D:7      | Reached XP level 9. HP: 35/45 MP: 16/16
 10135 | D:8      | Noticed Erica
 10149 | D:7      | Killed Erica
 10150 | D:7      | Reached skill level 10 in Stealth
 10226 | D:7      | Reached skill level 11 in Stealth
 10557 | D:8      | Reached skill level 12 in Stealth
 10845 | D:8      | Reached skill level 13 in Stealth
 10917 | D:8      | Reached * piety under Dithmenos
 11013 | D:8      | Reached skill level 14 in Stealth
 11325 | D:8      | Reached XP level 10. HP: 49/49 MP: 17/17
 11328 | D:8      | Reached skill level 15 in Stealth
 11344 | D:8      | Found a runed translucent door.
 11344 | D:8      | Found a runed translucent door.
 11344 | D:8      | Found a runed translucent door.
 11344 | D:8      | Noticed a centaur warrior
 11344 | D:8      | Noticed a boulder beetle
 11344 | D:8      | Noticed a cyclops
 11357 | D:8      | Noticed a centaur warrior
 11357 | D:8      | Noticed a death knight
 11357 | D:8      | Noticed a tengu warrior
 11357 | D:8      | Noticed a two-headed ogre
 11358 | D:8      | Noticed a deep elf pyromancer
 11358 | D:8      | Noticed a purple ugly thing
 11362 | D:8      | Killed a tengu warrior
 11400 | D:8      | Reached skill level 16 in Stealth
 12081 | D:8      | Slain by a centaur warrior

Illustrated notes

Levels and vault maps discovered:
D:1:      dpeg_arrival_arbitrary_a, layout_basic, corner_web_ring
D:2:      cheibrodos_greedy_goblins, layout_rooms,
          hellmonk_ecumenical_altar_zigzags, uniq_sigmund
D:3:      layout_loops_corners, minmay_shallow_snake_nest
D:4:      layout_rooms
D:5:      layout_basic
D:6:      nicolae_cairo_tiling, layout_rooms, chequers_serial_rivers_micro_e,
          nicolae_shop_gadgets
D:7:      layout_loops_cross, lemuel_temple_firewalk_b,
          biasface_ghost_orc_armoury
D:8:      minmay_the_grid_triangle_9x9_rhombus_thin
          [minmay_the_grid_triangle_9x9_fully_insulated_deathbox,
          minmay_the_grid_triangle_9x9_prize_insulated,
          minmay_the_grid_triangle_9x9_stretched_checkered,
          minmay_the_grid_triangle_9x9_sprig], layout_basic, uniq_erica
Temple:   mainiacjoe_temple_circle_huts

Skill      XL: |  1  2  3  4  5  6  7  8  9 10 |
---------------+-------------------------------+-----
Stealth        | 5 7 8 9 14 16 | 16.4
Short Blades   | 2 4 5 |  5.0
Spellcasting   | 4 |  4.0
Hexes          | 5 8 |  8.0
Dodging        | 3 6 8 |  8.0
Fighting       | 1 3 4 |  4.0

Action                   |  1- 3 |  4- 6 |  7- 9 | 10-12 || total
-------------------------+-------+-------+-------+-------++-------
Melee: Dagger            |    50 |    66 |   194 |     9 ||   319
       Punch             |       |       |     4 |       ||     4
 Fire: Hunting sling     |       |    87 |    23 |       ||   110
 Cast: Ensorcelled Hiber |    17 |    24 |    90 |     8 ||   139
       Confusing Touch   |       |     2 |     9 |     1 ||    12
       Tukima's Dance    |       |     1 |     1 |       ||     2
  Use: Scroll            |     2 |     9 |     6 |     1 ||    18
 Stab: Sleeping          |    14 |    21 |    62 |     4 ||   101
       Confused          |       |       |     5 |     1 ||     6
Armor: Robe              |     4 |    13 |    14 |       ||    31
Dodge: Dodged            |    42 |    79 |   167 |    17 ||   305
Block: Other             |       |       |    34 |     4 ||    38
       Reflection        |       |       |     5 |     2 ||     7

Table legend: (Time is in decaauts)
 A = Elapsed time spent in this place.
 B = Non-inter-level travel time spent in this place.
 C = Inter-level travel time spent in this place.
 D = Time resting spent in this place.
 E = Time spent auto-exploring this place.
 F = Levels seen in this place.
 G = Mean time per level.
                   A        B        C        D        E       F      G
               +--------+--------+--------+--------+--------+-----+--------+
         Total |   9027 |   8624 |    403 |    589 |   6568 |   9 | 1003.0 |
       Dungeon |   8797 |   8425 |    372 |    589 |   6386 |   8 | 1099.6 |
        Temple |    230 |    200 |     30 |      0 |    181 |   1 |  230.0 |
               +--------+--------+--------+--------+--------+-----+--------+

Top non-repeatable levels by time:
     D:5: 2122 daAuts
     D:7: 1491 daAuts
     D:1: 1185 daAuts
     D:6: 956 daAuts
     D:3: 894 daAuts
     D:8: 846 daAuts
     D:2: 730 daAuts
     D:4: 569 daAuts
  Temple: 230 daAuts
